 Dungeon Crawl Stone Soup version 0.15.2 (webtiles) character file.

16489 bullock the Conjurer (level 12, -11/77 HPs)
             Began as a Gargoyle Wizard on Nov 27, 2014.
             Was an Elder of Vehumet.
             Killed from afar by a fire giant (26 damage)
             ... with a bolt of fire
             ... on Level 11 of the Dungeon.
             The game lasted 01:10:58 (16963 turns).

bullock the Conjurer (Gargoyle Wizard)             Turns: 16963, Time: 01:10:58

HP -11/77        AC 19     Str 11      XL: 12   Next: 38%
MP   4/29        EV 10     Int 24      God: Vehumet [****..]
Gold 405         SH  0     Dex  8      Spells:  5 memorised, 19 levels left

rFire  + . .     SeeInvis .     w - +0 flail (protect)
rCold  . . .     Clarity  .     y - +0 leather armour
rNeg   + . .     rCorr    .     (no shield)
rPois  +         rRot     +     a - +1 helmet
rElec  +         Spirit   .     (no cloak)
SustAb .         Warding  .     (no gloves)
rMut   .         Stasis   .     F - +0 pair of boots
Gourm  .                        (no amulet)
MR     .....                    l - ring of protection from fire
                                (no ring)

@: repel missiles, not resistant to hostile enchantments, very unstealthy
A: negative energy resistance 1, electricity resistance, unbreathing,
petrification resistance, rot immunity, AC +8
a: Renounce Religion


You were on level 11 of the Dungeon.
You worshipped Vehumet.
Vehumet was greatly pleased with you.
You were not hungry.

You visited 2 branches of the dungeon, and saw 13 of its levels.
You also visited: Sewer.

You collected 547 gold pieces.
You spent 142 gold pieces at shops.

Inventory:

Hand weapons
 w - a +0 flail of protection (weapon)
Armour
 a - a +1 helmet (worn)
 b - the +1 chain mail of a sewer {Dex+3 Int+5, unknown}
   (You found it on level 11 of the Dungeon)

   It affects your intelligence (+5).
   It affects your dexterity (+3).
 y - a +0 leather armour (worn)
 F - a +0 pair of boots (worn)
Magical devices
 N - a wand of teleportation (1)
 O - a wand of fire (5)
 T - a wand of flame (0)
Comestibles
 d - 11 bread rations
 o - 4 meat rations
 G - 6 royal jellies
 H - a beef jerky
 L - 7 fruits
Scrolls
 e - 3 scrolls of teleportation
 f - 2 scrolls of recharging {unknown}
 i - 2 scrolls of amnesia
 m - a scroll of fear
 r - 3 scrolls of blinking
 t - a scroll of holy word {unknown}
 v - 2 scrolls of enchant weapon {unknown}
 z - 2 scrolls of fog
 I - 2 scrolls of remove curse
 M - a scroll of silence {unknown}
 Q - a scroll of enchant armour
Jewellery
 l - a ring of protection from fire (right hand)
 u - an uncursed ring of positive energy
Potions
 g - 2 potions of restore abilities
 h - 3 potions of heal wounds
 j - a potion of magic
 k - a potion of flight {unknown}
 n - a potion of cure mutation {unknown}
 p - 4 potions of curing
 s - 2 potions of cancellation
 A - a potion of experience {unknown}
 B - a potion of invisibility
 K - a potion of porridge
Books
 c - a book of Minor Magic

   Spells                             Type                      Level
   *Magic Dart                        Conjuration                  1
   *Blink                             Translocation                2
   Call Imp                           Summoning                    2
   *Repel Missiles                    Charms/Air                   2
   Slow                               Hexes                        2
   *Conjure Flame                     Conjuration/Fire             3
   *Mephitic Cloud                    Conjuration/Poison/Air       3
 x - a book of Spatial Translocations

   Spells                             Type                      Level
   Apportation                        Translocation                1
   *Blink                             Translocation                2
   Shroud of Golubria                 Charms/Translocation         2
   Portal Projectile                  Translocation                3
   Teleport Other                     Translocation                3
   Passage of Golubria                Translocation                4
 C - a book of the Warp

   Spells                             Type                      Level
   Control Teleport                   Charms/Translocation         4
   Phase Shift                        Translocation                5
   Warp Weapon                        Charms/Translocation         5
   Dispersal                          Translocation                6
   Controlled Blink                   Translocation                7
   Disjunction                        Translocation                8
 S - a book of Debilitation

   Spells                             Type                      Level
   Corona                             Hexes                        1
   Slow                               Hexes                        2
   Inner Flame                        Hexes/Fire                   3
   Enslavement                        Hexes                        4
   Cause Fear                         Hexes                        4
   Leda's Liquefaction                Hexes/Earth                  4
Rods
 V - a +1 rod of shadows (8/12)
   (You found it on level 7 of the Dungeon)


   Skills:
 + Level 10.2 Fighting
 - Level 1.5 Dodging
 - Level 2.1 Stealth
 + Level 9.6 Spellcasting
 + Level 11.6 Conjurations
   Level 0.8 Summonings
 - Level 5.1 Translocations
 + Level 8.2 Evocations


You had 19 spell levels left.
You knew the following spells:

 Your Spells              Type           Power        Failure   Level  Hunger
a - Magic Dart            Conj           ####         1%          1    None
f - Conjure Flame         Conj/Fire      #####...     1%          3    None
q - Blink                 Tloc           N/A          1%          2    None
r - Mephitic Cloud        Conj/Pois/Air  ####....     1%          3    None
v - Repel Missiles        Chrm/Air       ##....       12%         2    None


Dungeon Overview and Level Annotations

Branches:
Dungeon (12/15)            Temple (1/1) D:5             Orc (0/4) D:11
   Lair (0/8) D:9

Altars:
Ashenzari
Cheibriados
Dithmenos
Elyvilon
Fedhas
Kikubaaqudgha
Makhleb
Nemelex Xobeh
Okawaru
Qazlal
Sif Muna
Trog
Vehumet
Xom
Yredelemnul
Zin
The Shining One
Lugonu

Shops:
D:5 ?*%


Innate Abilities, Weirdness & Mutations

You are resistant to torment.
You are immune to poison.
Your stone body is very resilient (AC +8).
You resist negative energy.
You are resistant to electric shocks.
You can survive without breathing.
You are immune to petrification.
You are immune to rotting.


Message History

The giant frog hits you but does no damage.
The giant frog closely misses you. The giant frog hits you.
* * * LOW HITPOINT WARNING * * *
Casting: Blink
Confirm with . or Enter, or press ? or * to list all spells.
Aiming: Mephitic Cloud
Press: ? - help, Shift-Dir - straight line, f - giant frog
Aim: a giant frog The beam explodes into a vile cloud!
The stinking cloud engulfs the giant frog.
The stinking cloud engulfs you!
The giant frog is engulfed in noxious fumes.
The giant frog appears confused.
The giant frog is engulfed in noxious fumes.
The giant frog appears confused.
There is a stone staircase leading up here.
The fire giant points at you and mumbles some strange words.
The bolt of fire hits you! You resist.
You die...

##################
#P.)§§............
#.#############...
#@# #... #.# #...
#.# #.%.
#§#############...
#FC...C...........
#.................
#..##########...##
#..# #...#
#.)##########...#


You could see a fire giant and a giant frog (confused).

Vanquished Creatures
  2 hydras (D:11)
  Erica (D:10)
  The ghost of bullock the Conjurer, an experienced OpWz of Sif Muna (D:7)
  An unseen horror (D:11)
  5 hill giants
  3 ugly things (D:11)
  2 manticores (D:11)
  A cyclops (D:12)
  A centaur skeleton (D:10)
  A komodo dragon (D:9)
  Grinder (D:4)
  The ghost of trelanon the Twirler, an experienced VSGl (D:5)
  A troll (D:11)
  3 two-headed ogres
  A trapdoor spider (D:11)
  10 yaks
  3 hippogriffs
  A wraith (D:10)
  A soldier ant (D:8)
  A hill giant skeleton (D:11)
  The ghost of kae the Firebug, an average TeFE (D:3)
  2 ice beasts
  3 sky beasts
  A spider (D:8)
  3 orc warriors
  A necrophage (D:6)
  3 ogres
  A yellow wasp (D:8)
  7 centaurs
  2 phantoms
  2 big kobolds
  The ghost of bullock the Magician, an average OpWz (D:4)
  6 giant frogs
  Blork the orc (D:7)
  An eye of draining (D:10)
  2 scorpions
  A troll zombie (D:9)
  A troll skeleton (D:10)
  A hippogriff skeleton (D:5)
  10 wights
  A yak skeleton (D:10)
  A quasit (D:7)
  5 killer bees
  2 electric eels (D:9)
  6 crimson imps
  A goliath beetle (D:6)
  A centaur zombie (D:7)
  2 jellies
  6 hounds
  3 iguanas
  6 orc priests
  9 orc wizards
  3 worker ants
  A brain worm zombie (D:10)
  2 sheep (D:12)
  An ogre skeleton (D:4)
  A mummy (D:11)
  5 shadow imps
  11 adders
  2 giant mites
  An inept feature mimic (D:3)
  2 worms (D:2)
  2 adder zombies
  7 giant geckos
  An ooze (D:3)
  36 orcs
  A bat skeleton (D:4)
  A bat zombie (D:5)
  14 hobgoblins
  14 jackals
  2 ball pythons
  11 bats
  5 giant cockroaches
  4 giant newts
  2 giant spores (D:11)
  13 goblins
  A goblin skeleton (D:5)
  2 hobgoblin zombies
  27 kobolds
  An orc skeleton (D:9)
  An orc zombie (D:8)
  A quokka skeleton (D:10)
  20 rats
  A rat skeleton (D:5)
  88 ballistomycetes (D:11)
418 creatures vanquished.

Vanquished Creatures (collateral kills)
  A killer bee (D:12)
  An adder (D:10)
2 creatures vanquished.

Vanquished Creatures (others)
  An ogre (D:10)
  4 killer bees
  A wight (D:10)
  2 orc priests
  5 orcs
  A bat (D:10)
  A hobgoblin (D:10)
  A quokka (D:11)
  11 giant spores (D:11)
  A kobold (D:11)
  3 ballistomycetes (D:11)
  A plant (D:9)
32 creatures vanquished.

Grand Total: 452 creatures vanquished

Notes
Turn   | Place    | Note
--------------------------------------------------------------
     0 | D:1      | bullock, the Gargoyle Wizard, began the quest for the Orb.
     0 | D:1      | Reached XP level 1. HP: 10/10 MP: 4/4
   502 | D:1      | Reached XP level 2. HP: 15/15 MP: 0/6
  1069 | D:2      | Reached XP level 3. HP: 19/19 MP: 0/8
  1144 | D:2      | Learned a level 2 spell: Blink
  1147 | D:2      | Learned a level 2 spell: Repel Missiles
  1164 | D:2      | Found a white marble altar of Elyvilon.
  2163 | D:2      | Reached XP level 4. HP: 21/24 MP: 7/10
  2444 | D:3      | Found a bloodstained altar of Trog.
  2445 | D:3      | Found a glowing golden altar of the Shining One.
  2859 | D:3      | Noticed kae's ghost (average TeFE)
  2867 | D:2      | Reached skill level 4 in Conjurations
  2902 | D:2      | Reached XP level 5. HP: 19/28 MP: 4/12
  3060 | D:3      | Found a blossoming altar of Fedhas.
  3105 | D:3      | Killed kae's ghost
  3105 | D:3      | Reached skill level 5 in Conjurations
  3105 | D:3      | Reached XP level 6. HP: 21/32 MP: 1/15
  3231 | D:3      | Learned a level 3 spell: Conjure Flame
  3239 | D:3      | Learned a level 3 spell: Mephitic Cloud
  3318 | D:3      | Found a radiant altar of Vehumet.
  3339 | D:3      | Became a worshipper of Vehumet
  3581 | D:4      | Noticed bullock's ghost (average OpWz)
  3598 | D:4      | Killed bullock's ghost
  3835 | D:4      | Found an iron altar of Okawaru.
  3878 | D:4      | Reached skill level 1 in Translocations
  4084 | D:4      | Noticed Grinder
  4101 | D:4      | Killed Grinder
  4101 | D:4      | Reached skill level 1 in Fighting
  4101 | D:4      | Reached skill level 5 in Spellcasting
  4101 | D:4      | Reached skill level 6 in Conjurations
  4101 | D:4      | Reached XP level 7. HP: 24/39 MP: 3/18
  4650 | D:5      | Entered Level 5 of the Dungeon
  4735 | D:5      | Acquired Vehumet's first power
  4735 | D:5      | Offered knowledge of Flame Tongue by Vehumet.
  4739 | D:5      | Found a glowing silver altar of Zin.
  4869 | D:5      | Found Throfoeck's Magic Scroll Emporium.
  4879 | D:5      | Bought a scroll of amnesia for 45 gold pieces
  4879 | D:5      | Bought a scroll of fog for 26 gold pieces
  4879 | D:5      | Bought a scroll of identify for 26 gold pieces
  4879 | D:5      | Bought a scroll of fear for 45 gold pieces
  5018 | D:5      | Found a staircase to the Ecumenical Temple.
  5029 | Temple   | Entered the Ecumenical Temple
  5117 | D:5      | Reached XP level 8. HP: 39/45 MP: 12/20
  5221 | D:5      | Found a glowing drain.
  5235 | Sewer    | Entered a sewer
  5404 | Sewer    | Offered knowledge of Freeze by Vehumet.
  5406 | Sewer    | Found a glowing silver altar of Zin.
  5799 | D:5      | Noticed trelanon's ghost (experienced VSGl)
  5812 | D:5      | Killed trelanon's ghost
  6028 | D:5      | Found Venurux's Food Emporium.
  6086 | D:5      | Reached skill level 7 in Conjurations
  6126 | D:5      | Found Gaagapp's General Store.
  6852 | D:6      | Found a snail-covered altar of Cheibriados.
  7001 | D:6      | Reached skill level 5 in Translocations
  7076 | D:6      | Reached XP level 9. HP: 37/52 MP: 14/22
  7242 | D:7      | Noticed bullock's ghost (experienced OpWz)
  7261 | D:7      | Killed bullock's ghost
  7426 | D:7      | Noticed Blork the orc
  7433 | D:7      | Killed Blork the orc
  7449 | D:7      | Found a deep blue altar of Sif Muna.
  7544 | D:7      | Reached skill level 5 in Fighting
  7714 | D:7      | Offered knowledge of Throw Frost by Vehumet.
  7727 | D:7      | Reached skill level 8 in Conjurations
  8115 | D:7      | Acquired Vehumet's second power
  8515 | D:8      | Offered knowledge of Sticky Flame by Vehumet.
  8566 | D:8      | Reached XP level 10. HP: 55/60 MP: 8/25
  9341 | D:8      | Reached skill level 9 in Conjurations
  9612 | D:9      | Found a stormy altar of Qazlal.
  9677 | D:9      | Acquired Vehumet's third power
 10164 | D:9      | Reached skill level 5 in Evocations
 10324 | D:9      | Got a sparkling lapis lazuli ring
 10568 | D:9      | Found a sparkling altar of Nemelex Xobeh.
 10582 | D:9      | Found a staircase to the Lair.
 11020 | D:10     | Entered Level 10 of the Dungeon
 11075 | D:10     | Identified a +1 rod of shadows (12/12) (You found it on level 7 of the Dungeon)
 11285 | D:10     | Offered knowledge of Airstrike by Vehumet.
 11481 | D:10     | Noticed a hill giant
 11696 | D:10     | Killed a hill giant
 11791 | D:10     | Reached skill level 10 in Conjurations
 11791 | D:10     | Reached XP level 11. HP: 48/68 MP: 0/27
 12397 | D:10     | Noticed Erica
 12415 | D:10     | Killed Erica
 13108 | D:11     | Noticed a hill giant
 13119 | D:11     | Killed a hill giant
 13178 | D:11     | Found a staircase to the Orcish Mines.
 13331 | D:11     | Identified the ring of Mugg {Str+1 Stlth-} (You found it on level 9 of the Dungeon)
 14388 | D:11     | Reached skill level 11 in Conjurations
 14959 | D:11     | Killed an unseen horror
 15133 | D:10     | Noticed a hill giant
 15141 | D:10     | Killed a hill giant
 15398 | D:11     | Got a bronze chain mail
 15414 | D:11     | Reached XP level 12. HP: 75/77 MP: 17/29
 15581 | D:11     | Offered knowledge of Iskenderun's Mystic Blast by Vehumet.
 16269 | D:11     | Noticed an eight-headed hydra
 16305 | D:11     | Killed an eight-headed hydra
 16375 | D:11     | Noticed a five-headed hydra
 16384 | D:11     | Killed a five-headed hydra
 16384 | D:11     | Reached skill level 10 in Fighting
 16864 | D:11     | Noticed a fire giant
 16963 | D:11     | Killed from afar by a fire giant

Action                   |  1- 3 |  4- 6 |  7- 9 | 10-12 || total
-------------------------+-------+-------+-------+-------++-------
Melee: Dagger            |    48 |    16 |       |       ||    64
       Flail             |       |       |   195 |   608 ||   803
       Rod               |       |       |       |   237 ||   237
 Cast: Magic Dart        |    94 |   115 |   322 |   552 ||  1083
       Repel Missiles    |     1 |       |     2 |     3 ||     6
       Blink             |       |     1 |     1 |    39 ||    41
       Conjure Flame     |       |     2 |    12 |    61 ||    75
       Mephitic Cloud    |       |       |    11 |    70 ||    81
 Abil: Stop Flying       |       |       |     1 |       ||     1
       Evoke Flight      |       |       |     1 |       ||     1
Evoke: Rod               |       |       |       |     9 ||     9
       Wand              |       |       |       |    15 ||    15
  Use: Scroll            |       |       |    10 |     6 ||    16
 Stab: Confused          |       |       |     1 |     9 ||    10
       Sleeping          |       |       |       |     1 ||     1
  Eat: Chunk             |     4 |     6 |    14 |    18 ||    42
       Pizza             |       |       |       |     3 ||     3
       Beef jerky        |       |       |       |     4 ||     4
       Meat ration       |       |       |       |     1 ||     1
